 Dungeon Crawl Stone Soup version 0.26-a0-710-g95a0c6c400 (webtiles) character file.

Game seed: 13203319032360255974

724948 1994 the Phalangite (level 27, 82/229 HPs)
             Began as a Demonspawn Gladiator on Oct 30, 2020.
             Was the Champion of Ru.
             Quit the game on level 5 of the Realm of Zot.
             The game lasted 03:37:41 (91886 turns).

1994 the Phalangite (Demonspawn Gladiator)         Turns: 91886, Time: 03:37:41

Health: 82/229     AC: 50    Str: 23      XL:     27
Magic:  7/31       EV: 11    Int: 19      God:    Ru [******]
Gold:   5189       SH:  0    Dex: 13 (16) Spells: 40/42 levels left

rFire    + . .     SeeInvis .   b - +9 bardiche (protect)
rCold    + . .     Faith    .   (shield currently unavailable)
rNeg     + + +     Spirit   +   u - +10 crystal plate armour {rC+}
rPois    +         Reflect  .   T - +1 helmet {Int+3}
rElec    .         Harm     .   P - +0 cloak {rCorr}
rCorr    +         Rampage  .   c - +1 pair of gloves {Dex+3}
MR       +....                  (boots unavailable)
Stlth    ..........             h - amulet of the acrobat
HPRegen  0.00/turn              O - ring "Nagocop" {+Blink rF+ rN++}
MPRegen  0.44/turn              e - ring of Puiz {rPois MR+ Int+2}

@: exhausted, vulnerable, slowed, studying Dodging, lightly drained, very slow
A: hooves 3, clever 1, clumsy 2, demonic guardian 3, deterioration 1, low mp 1,
negative energy resistance 1, inhibited regeneration, 50% torment resistance,
magic shield, magic regeneration, magic link, black mark, no stealth, inability
to use devices, no conjurations magic, no earth magic, no transmutations magic,
unskilled 1, sharp scales 3
}: 3/15 runes: decaying, serpentine, silver
a: Draw Out Power, Power Leap, Apocalypse, Renounce Religion


You were on level 5 of the Realm of Zot.
You worshipped Ru.
Ru was exalted by your worship.
You visited 10 branches of the dungeon, and saw 52 of its levels.
You visited the Abyss 2 times.
You visited 2 bazaars.
You also visited: Gauntlet, Ice Cave and Wizlab.

You collected 9402 gold pieces.
You spent 4213 gold pieces at shops.

Inventory:

Hand Weapons
 a - a +7 vampiric demon trident
 b - a +9 bardiche of protection (weapon)
 i - a +0 bardiche of freezing
Missiles
 d - 7 throwing nets
 m - 26 curare-tipped darts
 w - 13 boomerangs of dispersal
 F - 73 boomerangs
 J - 25 javelins
 V - 91 poisoned darts (quivered)
Armour
 c - a +1 pair of gloves of dexterity (worn)
 j - the +3 hat "Misuk" {rC- rN++ Str+9 Dex-4, unknown}
   (You found it on level 5 of the Realm of Zot)

   It affects your strength (+9).
   It affects your dexterity (-4).
   It makes you vulnerable to cold.
   It greatly protects you from negative energy.
 u - a +10 crystal plate armour of cold resistance (worn)
 P - a +0 cloak of preservation (worn)
 T - a +1 helmet of intelligence (worn)
Jewellery
 e - the ring of Puiz (right hand) {rPois MR+ Int+2}
   (You bought it in a shop in a bazaar)

   [ring of poison resistance]

   It affects your intelligence (+2).
   It protects you from poison.
   It affects your resistance to hostile enchantments.
 f - the ring of Hizuk {rF+ AC+4}
   (You bought it in a shop in a bazaar)

   [ring of protection]

   It affects your AC (+4).
   It protects you from fire.
 h - an amulet of the acrobat (around neck)
 B - an uncursed ring of see invisible
 N - an uncursed ring of protection from cold
 O - the ring "Nagocop" (left hand) {+Blink rF+ rN++}
   (You acquired it on level 1 of the Crypt)

   [ring of protection from fire]

   It protects you from fire.
   It greatly protects you from negative energy.
   It lets you blink.
 S - the amulet of Nuclaol {RegenMP MR+ Str+4}
   (You took it off a deep elf death mage on level 3 of the Elven Halls)

   [amulet of magic regeneration]

   It increases your magic regeneration.
   It affects your strength (+4).
   It affects your resistance to hostile enchantments.
 X - the amulet "Qotoico" {Spirit rF+ Str+4}
   (You took it off a nagaraja on level 3 of the Snake Pit)

   [amulet of guardian spirit]

   It causes incoming damage to be split between your health and magic.
   It affects your strength (+4).
   It protects you from fire.
 Y - an uncursed ring of protection from magic
Scrolls
 g - 30 scrolls of teleportation
 o - 19 scrolls of remove curse
 p - 11 scrolls of magic mapping
 q - 9 scrolls of immolation
 s - 39 scrolls of identify
 y - 12 scrolls of blinking
 C - 7 scrolls of fog
 K - 3 scrolls of summoning
 M - 5 scrolls of silence
 Q - 11 scrolls of fear
Potions
 k - 11 potions of heal wounds
 l - 24 potions of curing
 n - 8 potions of haste
 r - 6 potions of lignification
 v - 4 potions of resistance
 x - 4 potions of might
 z - 6 potions of flight
 D - 6 potions of berserk rage
 E - 5 potions of mutation
 G - 4 potions of magic
 H - 6 potions of ambrosia
 L - 8 potions of brilliance
 W - 6 potions of cancellation
 Z - 9 potions of invisibility
Books
 t - a manual of Dodging


   Skills:
 * Level 21.6(21.5) Fighting
 + Level 25.9 Polearms
 - Level 1.5 Throwing
 - Level 24.6(24.5) Armour
 + Level 9.1(9.0) Dodging
 - Level 8.0(7.9) Spellcasting


You had 40 spell levels left.
You knew the following spells:

 Your Spells              Type           Power        Failure   Level
a - Blink                 Tloc           N/A          83%         2

Your spell library contained the following spells:

 Spells                   Type           Power        Failure   Level
 Animate Skeleton         Necr           #.....       71%         1
 Apportation              Tloc           #.....       71%         1
 Corona                   Hex            #......      71%         1
 Freeze                   Ice            #...         71%         1
 Pain                     Necr           #...         71%         1
 Summon Small Mammal      Summ           #...         71%         1
 Call Imp                 Summ           #.......     83%         2
 Ensorcelled Hibernation  Hex/Ice        #.....       83%         2
 Poisonous Vapours        Pois/Air       #.....       83%         2
 Slow                     Hex            #.......     83%         2
 Sublimation of Blood     Necr           #.........   83%         2
 Call Canine Familiar     Summ           #.......     97%         3
 Frozen Ramparts          Ice            #.....       97%         3
 Gell's Gravitas          Tloc           #.........   97%         3
 Inner Flame              Hex/Fire       #.......     97%         3
 Lesser Beckoning         Tloc           #.........   97%         3
 Ozocubu's Armour         Ice            #.......     97%         3
 Portal Projectile        Hex/Tloc       #.....       97%         3
 Summon Guardian Golem    Hex/Summ       #.......     97%         3
 Teleport Other           Tloc           #.......     97%         3
 Vampiric Draining        Necr           #.........   97%         3
 Animate Dead             Necr           #.........   100%        4
 Cause Fear               Hex            #.........   100%        4
 Dispel Undead            Necr           #.......     100%        4
 Olgreb's Toxic Radiance  Pois           #.......     100%        4
 Passage of Golubria      Tloc           N/A          100%        4
 Summon Ice Beast         Ice/Summ       #.......     100%        4
 Summon Lightning Spire   Summ/Air       #.......     100%        4
 Agony                    Necr           #.......     100%        5
 Excruciating Wounds      Necr           #.........   100%        5
 Metabolic Englaciation   Hex/Ice        #.........   100%        5
 Silence                  Hex/Air        #.........   100%        5
 Summon Demon             Summ           #.........   100%        5
 Summon Forest            Summ/Tloc      #.........   100%        5
 Summon Mana Viper        Hex/Summ       #.......     100%        5
 Dispersal                Tloc           #.........   100%        6
 Ozocubu's Refrigeration  Ice            #.........   100%        6
 Shadow Creatures         Summ           N/A          100%        6
 Simulacrum               Ice/Necr       #.........   100%        6
 Haunt                    Necr/Summ      #.........   100%        7
 Malign Gateway           Summ/Tloc      #.........   100%        7
 Monstrous Menagerie      Summ           #.........   100%        7
 Summon Greater Demon     Summ           #.........   100%        7
 Summon Hydra             Summ           #.........   100%        7
 Borgnjor's Revivificati  Necr           #.........   100%        8
 Discord                  Hex            #.........   100%        8
 Disjunction              Tloc           #.........   100%        8
 Ignition                 Fire           #.........   100%        8
 Infestation              Necr           #.........   100%        8
 Summon Horrible Things   Summ           #.........   100%        8
 Absolute Zero            Ice            #.........   100%        9
 Death's Door             Necr           #.........   100%        9
 Dragon's Call            Summ           #.........   100%        9
 Tornado                  Air            #.........   100%        9
 Beastly Appendage        Tmut           Unusable     N/A         1
 Foxfire                  Conj/Fire      Unusable     N/A         1
 Magic Dart               Conj           Unusable     N/A         1
 Sandblast                Erth           Unusable     N/A         1
 Sting                    Tmut/Pois      Unusable     N/A         1
 Passwall                 Tmut/Erth      Unusable     N/A         2
 Searing Ray              Conj           Unusable     N/A         2
 Wereblood                Tmut           Unusable     N/A         2
 Conjure Flame            Conj/Fire      Unusable     N/A         3
 Dazzling Flash           Conj/Hex       Unusable     N/A         3
 Ignite Poison            Fire/Tmut/Pois Unusable     N/A         3
 Mephitic Cloud           Conj/Pois/Air  Unusable     N/A         3
 Spider Form              Tmut/Pois      Unusable     N/A         3
 Static Discharge         Conj/Air       Unusable     N/A         3
 Stone Arrow              Conj/Erth      Unusable     N/A         3
 Fulminant Prism          Conj/Hex       Unusable     N/A         4
 Hailstorm                Conj/Ice       Unusable     N/A         4
 Ice Form                 Ice/Tmut       Unusable     N/A         4
 Iskenderun's Mystic Bla  Conj/Tloc      Unusable     N/A         4
 Leda's Liquefaction      Hex/Erth       Unusable     N/A         4
 Petrify                  Tmut/Erth      Unusable     N/A         4
 Sticky Flame             Conj/Fire      Unusable     N/A         4
 Blade Hands              Tmut           Unusable     N/A         5
 Borgnjor's Vile Clutch   Necr/Erth      Unusable     N/A         5
 Fireball                 Conj/Fire      Unusable     N/A         5
 Irradiate                Conj/Tmut      Unusable     N/A         5
 Iskenderun's Battlesphe  Conj           Unusable     N/A         5
 Lee's Rapid Deconstruct  Erth           Unusable     N/A         5
 Lightning Bolt           Conj/Air       Unusable     N/A         5
 Yara's Violent Unravell  Hex/Tmut       Unusable     N/A         5
 Conjure Ball Lightning   Conj/Air       Unusable     N/A         6
 Eringya's Noxious Bog    Tmut/Pois      Unusable     N/A         6
 Freezing Cloud           Conj/Ice/Air   Unusable     N/A         6
 Starburst                Conj/Fire      Unusable     N/A         6
 Statue Form              Tmut/Erth      Unusable     N/A         6
 Spellforged Servitor     Conj/Summ      Unusable     N/A         7
 Chain Lightning          Conj/Air       Unusable     N/A         8
 Lehudib's Crystal Spear  Conj/Erth      Unusable     N/A         8
 Necromutation            Tmut/Necr      Unusable     N/A         8
 Fire Storm               Conj/Fire      Unusable     N/A         9
 Shatter                  Erth           Unusable     N/A         9

Dungeon Overview and Level Annotations

Branches:
Dungeon (15/15)            Temple (0/1) D:6            Lair (6/6) D:11
  Swamp (4/4) Lair:2        Snake (4/4) Lair:3        Slime (0/5) Lair:5
    Orc (2/2) D:9             Elf (3/3) Orc:2        Vaults (5/5) D:14
  Crypt (3/3) Vaults:2       Tomb (0/3) Crypt:3      Depths (5/5) D:15
    Zot (5/5) Depths:5      IceCv (visited)          WizLab (visited)
Gauntlet (visited)

Altars:
Cheibriados
Elyvilon
Gozag
Kikubaaqudgha
Makhleb
Nemelex Xobeh
Okawaru
Qazlal
Ru
Trog
Vehumet
Wu Jian
Xom
The Shining One
Beogh

Shops:
D:8 =   D:12 :   Orc:2 ?*?((!*   Snake:1 *   Snake:4 :*[!   Vaults:1 ?
Depths:3 *=}   Depths:4 !

Portals:
Hell: Depths:1 Depths:2 Depths:3 Depths:4 Depths:5
Abyss: Depths:3 Depths:4
Pandemonium: Depths:3 Depths:5
Ziggurat: Depths:3

Annotations:
D:5 exclusion: upstairs
Zot:5 1 exclusion, UristMcRaven's ghost, legendary DECj


Innate Abilities, Weirdness & Mutations

You have hooves in place of feet.
You are very clumsy. (Dex -4)
A powerful demonic guardian rushes to your aid.
You resist negative energy. (rN+)
You do not regenerate when monsters are visible.
You are somewhat able to resist unholy torments (1 in 2 success).
When hurt, damage is shared between your health and your magic reserves.
You regenerate magic rapidly.
When low on magic, you restore magic in place of health.
Your melee attacks may debilitate your foes.
You cannot be stealthy.
You cannot study or use magical devices.
You cannot study or cast Conjurations magic.
You cannot study or cast Earth magic.
You cannot study or cast Transmutations magic.
You are somewhat unskilled. (-1 Apt)
You are completely covered in razor-sharp scales. (AC +3, Slay +3)
Your mind is acute. (Int +2)
Your body sometimes deteriorates upon taking damage.
Your magical capacity is low. (-10% MP)


Message History

Unknown command.
Unknown command.
Unknown command.
Unknown command.
Unknown command.
Unknown command.
Unknown command.
Unknown command.
You feel much better.
Your surroundings suddenly seem different.
A death cob comes into view.
The death cob gives a chilling moan.
An electric golem comes into view.
An orb of fire comes into view.
A moth of wrath comes into view.
You hear a loud "Zot"!
The power of Zot is invoked against you!
You feel susceptible to magic.
Found 12 gold pieces.
Unknown command.
Are you sure you want to abandon this character and quit the game? (Confirm with "yes".)

,,,,,,,,,,,,,,,,,,,,,,*
,,,,,,,,,....$.......**
,,,,,,,,,...........**
,,,,,,,,,.......*..▓▓
,,,,,,,,,...........▓▓
,,,,,,,,,...8........▓▓
,,,,,,,,,^...y.^z.....▓
,,,,,,,,,.............▓
,,,,,,,,,.......@....▓*
*,,,,,,,,...........▓▓
****,,,,,........▓▓▓▓
******▓▓▓▓▓▓▓▓▓


You could see an orb of fire, an electric golem, a death cob and a moth of
wrath.

Vanquished Creatures
  4 ancient liches
  Mennas (Crypt:3)
  4 juggernauts
  The ghost of Iryommi the Sniper, a legendary KoDe of Makhleb (Zot:4)
  Boris (Crypt:3)
  Sojobo (Vaults:2)
  Margery (Crypt:3)
  A Killer Klown (Zot:3)
  Vashnia (Snake:4)
  Xtahua (Depths:3)
  Saint Roka (Depths:2)
  9 caustic shrikes
  A curse toe (Zot:1)
  Nikola (Swamp:3)
  17 golden dragons
  2 bone dragons (Crypt:3)
  An Orb Guardian (Zot:5)
  28 tentacled monstrosities
  7 liches
  A deep elf master archer (Elf:3)
  Asterion (Depths:3)
  7 quicksilver dragons
  13 titans
  2 deep elf blademasters (Elf:3)
  Frances (Snake:2)
  2 tentacled starspawn (Abyss:5)
  2 thorn hunters
  4 sphinxes
  5 ancient champions
  10 death cobs
  23 storm dragons
  9 shadow dragons
  5 draconian monks
  Roxanne (Snake:2)
  6 tengu reavers
  Donald (Vaults:1)
  13 nagarajas
  The ghost of Luffe the Devastator, an adept GrFE of Sif Muna (Snake:2)
  4 iron dragons
  5 deep elf sorcerers
  11 vault wardens
  4 draconian knights
  An orc warlord (Elf:3)
  4 deep elf elementalists
  13 frost giants
  6 fire giants
  2 ghost moths (Zot:5)
  4 draconian scorchers
  11 draconian shifters
  The ghost of shin the Destroyer, a journeyman DrCj of Ashenzari (D:12)
  7 ghouls
  Louise (Snake:2)
  6 draconian stormcallers
  3 curse skulls
  3 spriggan defenders
  6 draconian annihilators
  18 ironheart preservers
  27 very ugly things
  2 large abominations
  An entropy weaver (shapeshifter) (Vaults:3)
  21 stone giants
  3 entropy weavers
  6 vampire knights
  11 purple draconians
  9 white draconians
  17 deep elf annihilators
  8 green draconians
  12 black draconians
  9 red draconians
  7 yellow draconians
  A dire elephant (Lair:5)
  11 deep elf demonologists
  A minotaur (Gauntlet)
  6 spark wasps
  The ghost of Fetuon the Geomancer, a journeyman DgEE (D:13)
  An orange crystal statue (WizLab)
  14 ettins
  13 deep elf death magi
  11 fire dragons
  9 jiangshi
  6 deep elf high priests
  Fannar (Lair:2)
  9 great orbs of eyes
  20 yaktaur captains
  6 eidola
  33 vault guards
  5 rakshasas
  13 ice dragons
  2 boulder beetles
  A shambling mangrove (Swamp:4)
  14 hydras
  3 ghost crabs
  13 naga warriors
  11 centaur warriors
  An anaconda (shapeshifter) (Depths:5)
  A catoblepas (D:13)
  A merfolk avatar (Lair:6)
  The ghost of Sensen the Geomancer, a journeyman GrEE of Vehumet (D:10)
  3 death knights
  4 spriggan air magi
  25 dancing weapons
  13 alligators
  7 anacondas
  46 two-headed ogres
  7 deep troll shamans
  2 death yaks (Lair:4)
  17 ogre magi
  3 tengu warriors
  12 deep troll earth magi
  An orc high priest (Elf:3)
  12 shock serpents
  A titan zombie (Crypt:2)
  4 vampire magi
  Urug (Lair:2)
  10 soul eaters
  13 naga sharpshooters
  5 spriggan berserkers
  3 thrashing horrors (Abyss:5)
  16 deep elf knights
  24 skeletal warriors
  9 salamander mystics
  4 small abominations
  A sixfirhy (Depths:3)
  2 wretched stars (Abyss:5)
  2 golden dragon zombies
  A spark wasp zombie (Depths:3)
  A fire crab (shapeshifter) (D:13)
  4 shadow wraiths
  2 iron trolls (Depths:4)
  A death drake (shapeshifter) (Vaults:1)
  An anaconda zombie (Crypt:1)
  9 flayed ghosts
  5 glowing orange brains
  6 hell knights
  4 wizards
  A spriggan druid (Swamp:4)
  10 deep elf archers
  A glowing orange brain (shapeshifter) (Depths:5)
  10 naga ritualists
  4 unseen horrors
  2 anaconda skeletons
  29 deep trolls
  6 swamp dragons
  16 ironbrand convokers
  An iron giant skeleton (Crypt:2)
  27 orc knights
  9 phantasmal warriors
  A harpy (shapeshifter) (Vaults:1)
  A stone giant zombie (Depths:1)
  8 harpies
  A wolf spider zombie (D:15)
  An orb spider (shapeshifter) (Vaults:4)
  35 ugly things
  5 cyclopes
  55 deep elf magi
  An iron dragon zombie (Crypt:1)
  10 necromancers
  12 mana vipers
  4 wolf spiders
  12 salamanders
  2 salamanders (shapeshifter)
  5 oklob plants
  34 moths of wrath
  3 orc sorcerers
  16 elephants
  A frost giant skeleton (Vaults:4)
  A shining eye (Gauntlet)
  8 guardian serpents
  A worldbinder (Abyss:5)
  A black mamba (shapeshifter) (Depths:5)
  Joseph (D:7)
  36 black mambas
  3 stone giant skeletons
  An apocalypse crab (Abyss:5)
  A rust devil (Depths:2)
  2 ice statues (IceCv)
  A torpor snail (Lair:5)
  An orange demon (Depths:3)
  24 cane toads
  13 naga magi
  5 spectral swamp worms
  13 vault sentinels
  16 komodo dragons
  2 komodo dragons (shapeshifter)
  A purple draconian zombie (Crypt:3)
  10 freezing wraiths
  2 human zombies
  A hellion (Depths:3)
  3 efreet
  5 rime drakes
  9 ice devils (IceCv)
  A tengu conjurer (Depths:3)
  A yaktaur skeleton (Depths:1)
  A hellwing (Depths:3)
  A red devil (Depths:3)
  3 ancient zymes (Abyss:5)
  52 yaktaurs
  A silent spectre (Crypt:1)
  4 guardian mummies (Crypt:3)
  5 polar bears
  A white draconian skeleton (Crypt:3)
  2 meliai (shapeshifter)
  11 tyrant leeches
  2 wind drakes (Lair:6)
  11 trolls
  2 polar bears (shapeshifter)
  A shadow dragon simulacrum (Crypt:1)
  A troll (shapeshifter) (Depths:2)
  A merfolk (shapeshifter) (Depths:3)
  7 bog bodies
  Prince Ribbit (D:7)
  A wind drake (shapeshifter) (Depths:5)
  A jumping spider zombie (Crypt:3)
  9 blink frogs
  A human simulacrum (Vaults:2)
  46 slime creatures
  A fire dragon zombie (Crypt:3)
  A snapping turtle (shapeshifter) (Vaults:4)
  14 hornets
  A dream sheep (shapeshifter) (Depths:4)
  5 blink frogs (shapeshifter)
  A frost giant simulacrum (Vaults:1)
  7 dream sheep (Lair:6)
  A redback (shapeshifter) (Depths:5)
  8 flying skulls
  11 starcursed masses
  5 shadows
  A fire dragon skeleton (Depths:1)
  A black mamba zombie (Crypt:3)
  A vampire (D:9)
  A tarantella (shapeshifter) (Depths:2)
  A ynoxinul (Abyss:5)
  An ettin skeleton (Crypt:3)
  4 water elementals
  A tarantella (Vaults:2)
  2 humans (D:15)
  5 fire bats
  4 wyverns
  3 fire elementals
  2 hogs (D:15)
  54 yaks
  3 spriggans
  A wyvern (shapeshifter) (D:14)
  A hog (shapeshifter) (Vaults:1)
  8 golden eyes
  7 wraiths
  2 basilisks
  2 chaos spawn
  A swamp worm simulacrum (Swamp:4)
  17 vampire mosquitoes
  A neqoxec (Abyss:5)
  9 wargs
  A deep troll zombie (Vaults:4)
  A hell hound (Gauntlet)
  A swamp worm (shapeshifter) (Vaults:3)
  An acid dragon (D:11)
  57 nagas
  A naga (shapeshifter) (Depths:2)
  A soldier ant (D:10)
  17 swamp worms
  5 insubstantial wisps (Swamp:3)
  14 hydra simulacra (Swamp:4)
  A soldier ant (shapeshifter) (Depths:3)
  A merfolk skeleton (Crypt:1)
  A floating eye (Depths:3)
  17 water moccasins
  A faun skeleton (Crypt:1)
  A monstrous demonspawn skeleton (Crypt:2)
  60 orc warriors
  A torturous demonspawn skeleton (Crypt:1)
  6 swamp drakes
  A hornet zombie (D:8)
  3 ice beasts
  2 phantoms
  2 sky beasts
  A black bear (shapeshifter) (Vaults:3)
  An eye of draining (shapeshifter) (D:15)
  The ghost of P0NYSLAYSTATION the Slasher, an amateur HOMo (D:3)
  3 black bears
  A tengu (shapeshifter) (Vaults:2)
  An eye of draining (D:15)
  4 necrophages
  9 boggarts
  2 boggarts (shapeshifter)
  42 ogres
  33 centaurs
  A swamp dragon zombie (Crypt:2)
  An elf skeleton (Vaults:2)
  13 wolves
  An orc skeleton (Vaults:2)
  A blink frog skeleton (Crypt:2)
  A fire crab zombie (Crypt:1)
  3 big kobolds
  2 wyvern zombies
  19 bullfrogs
  A komodo dragon skeleton (Crypt:1)
  2 human skeletons
  A cyclops zombie (Crypt:3)
  A wyvern skeleton (D:9)
  3 scorpions
  A warg zombie (Crypt:3)
  4 jellies
  9 killer bees
  5 howler monkeys
  A polar bear skeleton (Crypt:1)
  19 wights
  An electric eel (Lair:6)
  2 crimson imps (Depths:3)
  3 bullfrog zombies
  A lava snake (Lair:5)
  2 quasits (Depths:3)
  4 centaur zombies
  Crazy Yiuf (D:3)
  24 orc priests
  A demonspawn zombie (Crypt:3)
  5 hounds
  7 centaur skeletons
  3 iron imps (Depths:3)
  Ijyb (D:5)
  Terence (D:3)
  A gnoll shaman (D:9)
  An iguana (shapeshifter) (Depths:1)
  11 iguanas
  23 orc wizards
  4 worker ants
  15 hell rats
  A big kobold zombie (Crypt:2)
  An acid dragon zombie (Crypt:3)
  A sky beast zombie (Crypt:3)
  A felid skeleton (Crypt:1)
  2 hound zombies
  2 hound skeletons
  7 mummies (Crypt:3)
  2 worker ant zombies (D:5)
  11 adders
  4 gnolls
  A howler monkey skeleton (Crypt:2)
  4 shadow imps
  5 white imps (IceCv)
  12 ufetubi
  7 swamp drake simulacra (Swamp:4)
  An adder skeleton (Crypt:2)
  2 worms
  A dart slug (D:1)
  6 leopard geckos
  102 orcs
  3 ball pythons
  6 bats
  3 giant cockroaches
  2 gnoll zombies
  9 goblins
  5 hobgoblins
  5 jackals
  15 kobolds
  4 quokkas
  5 frilled lizards
  A jackal zombie (Crypt:1)
  A quokka zombie (D:5)
  6 rats
  A river rat skeleton (Crypt:1)
  4 crawling corpses
  A fire vortex (Lair:5)
2500 creatures vanquished.

Vanquished Creatures (collateral kills)
  A juggernaut (Depths:5)
  A curse toe (Zot:5)
  2 caustic shrikes (Depths:5)
  2 golden dragons
  2 Orb Guardians (Zot:5)
  2 tentacled monstrosities
  A lich (Crypt:3)
  A titan (Depths:5)
  The ghost of Ysiuj the Bludgeoner, an adept MiBe of Trog (Snake:1)
  2 death cobs
  A storm dragon (Zot:5)
  Kirke (D:15)
  2 shadow dragons
  A draconian knight (Zot:3)
  A tengu reaver (Depths:4)
  4 nagarajas
  3 fire giants
  A deep elf sorcerer (Elf:3)
  Aizul (Snake:1)
  A draconian shifter (Zot:5)
  An ironheart preserver (Vaults:5)
  4 stone giants
  A draconian stormcaller (Zot:5)
  2 very ugly things
  3 green draconians
  A deep elf demonologist (Elf:3)
  A yellow draconian (Zot:3)
  2 spark wasps
  A red draconian (Zot:3)
  A deep elf annihilator (Vaults:5)
  An ettin (Depths:3)
  A deep elf death mage (Elf:3)
  A hydra (shapeshifter) (Depths:5)
  Josephine (D:10)
  A vault guard (Vaults:5)
  A great orb of eyes (Depths:5)
  A naga warrior (Snake:4)
  A boulder beetle (Vaults:5)
  2 hydras
  2 centaur warriors
  2 two-headed ogres
  A dancing weapon (Elf:2)
  2 ogre magi
  2 deep troll earth magi (Depths:4)
  A hell hog (Gauntlet)
  An orc high priest (Elf:3)
  2 hell knights (Crypt:3)
  A glowing orange brain (Depths:5)
  2 deep trolls (Depths:4)
  A wizard (Crypt:1)
  A sea snake (Lair:6)
  A golden dragon zombie (Depths:3)
  2 naga ritualists (Snake:3)
  2 deep elf archers
  5 deep elf magi
  An ugly thing (D:15)
  2 mana vipers
  A moth of wrath (Zot:3)
  A cyclops (Vaults:1)
  3 naga magi (Snake:3)
  2 black mambas (Snake:1)
  A vault sentinel (Vaults:5)
  A cane toad (Lair:3)
  A yaktaur (Depths:3)
  A troll (shapeshifter) (Depths:3)
  A sea snake skeleton (Crypt:3)
  2 blink frogs (Lair:1)
  An ice dragon skeleton (Crypt:3)
  An alligator skeleton (Crypt:3)
  A tarantella (shapeshifter) (Depths:5)
  8 yaks
  Eustachio (D:7)
  A basilisk (D:11)
  2 nagas
  5 orc warriors
  A necrophage (D:9)
  2 ogres
  A boggart (Vaults:1)
  A centaur (D:11)
  A bullfrog (D:9)
  A cyclops zombie (Crypt:3)
  A howler monkey (D:7)
  An orc priest (Orc:1)
  A centaur skeleton (D:8)
  An orc wizard (D:7)
  A naga skeleton (Crypt:3)
  A worker ant zombie (D:6)
  An ufetubus (D:7)
  10 orcs
  A butterfly (Lair:3)
  A crawling corpse (Depths:5)
149 creatures vanquished.

Vanquished Creatures (others)
  A golden dragon (Vaults:5)
  A tentacled monstrosity (Zot:2)
  A deep elf blademaster (Elf:2)
  A deep elf master archer (Elf:3)
  A quicksilver dragon (Depths:5)
  3 death cobs
  A tengu reaver (Vaults:2)
  2 fire giants
  A deep elf sorcerer (Elf:3)
  2 frost giants
  A vault warden (Vaults:1)
  A ghost moth (Zot:2)
  A draconian scorcher (Zot:4)
  A reaper (IceCv)
  A very ugly thing (Depths:2)
  A green draconian (Zot:3)
  A vampire knight (Depths:5)
  A purple draconian (Zot:3)
  A yellow draconian (Zot:2)
  A yaktaur captain (Depths:2)
  2 ettins
  A rakshasa (Vaults:3)
  2 vault guards
  A hydra (D:13)
  A death knight (Crypt:1)
  An anaconda (Snake:2)
  A dancing weapon (Elf:2)
  3 deep troll earth magi
  A death yak (Lair:4)
  2 two-headed ogres
  A vampire mage (Crypt:1)
  2 deep elf knights
  A deep troll (Vaults:4)
  A deep elf mage (Vaults:2)
  An orc knight (Vaults:1)
  3 yaktaurs
  A troll (D:15)
  A guardian mummy (Crypt:3)
  A tyrant leech (Swamp:3)
  5 slime creatures (Swamp:4)
  A bog body (Crypt:1)
  A spriggan (Depths:5)
  A redback (Vaults:4)
  A human (Crypt:1)
  A large abomination (Abyss:5)
  2 nagas
  3 ogres (Vaults:4)
  An orc priest (Vaults:5)
  An orc wizard (Vaults:1)
  3 white imps (IceCv)
  3 ufetubi (IceCv)
  7 orcs
  A crawling corpse (Elf:3)
  39 fungi
  100 plants
221 creatures vanquished.

Grand Total: 2870 creatures vanquished

Notes
Turn   | Place    | Note
-------+----------+-------------------------------------------
     0 | D:1      | 1994 the Demonspawn Gladiator began the quest for the Orb.
     0 | D:1      | Reached XP level 1. HP: 16/16 MP: 1/1
    88 | D:1      | Reached skill level 3 in Polearms
   302 | D:1      | Found an iron altar of Okawaru.
   310 | D:1      | Gained mutation: You have large cloven feet. [demonic
                  | ancestry]
   310 | D:1      | Reached XP level 2. HP: 16/22 MP: 2/2
   966 | D:1      | Gained mutation: When hurt, damage is shared between your
                  | health and your magic reserves. [demonic ancestry]
   966 | D:1      | Reached XP level 3. HP: 27/27 MP: 3/3
  1133 | D:2      | Found a sacrificial altar of Ru.
  1234 | D:1      | Reached skill level 4 in Polearms
  1705 | D:2      | Reached XP level 4. HP: 33/33 MP: 4/4
  2021 | D:3      | Found a runed translucent door.
  2022 | D:3      | Noticed Crazy Yiuf
  2034 | D:3      | Noticed P0NYSLAYSTATION's ghost (amateur HOMo)
  2044 | D:3      | Found a runed translucent door.
  2535 | D:3      | Reached skill level 5 in Polearms
  2830 | D:3      | Reached XP level 5. HP: 36/38 MP: 3/5
  2993 | D:3      | Found a sparkling altar of Nemelex Xobeh.
  2994 | D:3      | Found a burning altar of Makhleb.
  3023 | D:3      | Noticed Terence
  3035 | D:3      | Killed Terence
  3222 | D:3      | Noticed an ogre
  3233 | D:3      | Killed an ogre
  3233 | D:3      | Reached skill level 6 in Polearms
  3265 | D:2      | Became a worshipper of Ru the Awakened
  3336 | D:3      | Reached XP level 6. HP: 37/44 MP: 6/6
  4195 | D:5      | Entered Level 5 of the Dungeon
  4317 | D:5      | Noticed a sky beast
  4368 | D:4      | Killed a sky beast
  4368 | D:4      | Gained mutation: A weak demonic guardian rushes to your
                  | aid. [demonic ancestry]
  4368 | D:4      | Reached XP level 7. HP: 33/50 MP: 4/7
  4889 | D:5      | Gained mutation: You cannot study or cast Earth magic. [Ru
                  | sacrifice]
  4889 | D:5      | Gained mutation: You cannot study or cast Transmutations
                  | magic. [Ru sacrifice]
  4889 | D:5      | Gained mutation: You cannot study or cast Conjurations
                  | magic. [Ru sacrifice]
  4889 | D:5      | Reached * piety under Ru
  4917 | D:5      | Reached skill level 7 in Polearms
  5104 | D:5      | Noticed Ijyb
  5127 | D:5      | Killed Ijyb
  5529 | D:6      | Noticed Eustachio
  5531 | D:6      | Found a stormy altar of Qazlal.
  5643 | D:6      | Reached skill level 8 in Polearms
  6041 | D:6      | Gained mutation: You have hoof-like feet. [demonic
                  | ancestry]
  6041 | D:6      | Reached XP level 8. HP: 31/56 MP: 3/8
  6770 | D:6      | Found an ancient bone altar of Kikubaaqudgha.
  6971 | D:6      | Found a staircase to the Ecumenical Temple.
  7130 | D:7      | Killed Eustachio
  7130 | D:7      | Reached skill level 9 in Polearms
  7434 | D:7      | Found a sacrificial altar of Ru.
  7718 | D:7      | Noticed Joseph
  8084 | D:6      | Reached skill level 10 in Polearms
  8738 | D:7      | Reached XP level 9. HP: 49/61 MP: 7/9
  8765 | D:7      | Noticed Prince Ribbit
  8773 | D:7      | Killed Prince Ribbit
  8874 | D:7      | Found a stormy altar of Qazlal.
  9185 | D:7      | Gained mutation: You do not regenerate when monsters are
                  | visible. [Ru sacrifice]
  9185 | D:7      | Reached ** piety under Ru
  9254 | D:7      | Found a sacrificial altar of Ru.
  9384 | D:7      | Found a stormy altar of Qazlal.
  9397 | D:7      | Killed Joseph
  9397 | D:7      | Reached skill level 11 in Polearms
  9838 | D:8      | Found Vywo's Jewellery Emporium.
  9860 | D:8      | Found a white marble altar of Elyvilon.
 10408 | D:8      | Found a glowing golden altar of the Shining One.
 10577 | D:8      | Reached skill level 5 in Fighting
 11016 | D:9      | Noticed a troll
 11026 | D:9      | Killed a troll
 11026 | D:9      | Reached skill level 5 in Armour
 11247 | D:9      | Gained mutation: You regenerate magic rapidly. [demonic
                  | ancestry]
 11247 | D:9      | Reached XP level 10. HP: 66/77 MP: 8/10
 11392 | D:9      | Noticed a two-headed ogre
 11450 | D:9      | Killed a two-headed ogre
 12150 | D:9      | Noticed a two-headed ogre
 12196 | D:9      | Killed a two-headed ogre
 12196 | D:9      | Reached skill level 12 in Polearms
 12468 | D:9      | Found a staircase to the Orcish Mines.
 12671 | D:9      | Identified the +5 falchion of the Butterfly {drain, Int+2}
 12849 | D:9      | Learned a level 2 spell: Blink
 12956 | D:10     | Entered Level 10 of the Dungeon
 12967 | D:10     | Found a runed translucent gate.
 12967 | D:10     | Found a runed translucent gate.
 12970 | D:10     | Found a runed translucent gate.
 12971 | D:10     | Noticed a flayed ghost
 12971 | D:10     | Noticed Sensen's ghost (journeyman GrEE)
 13053 | D:10     | Noticed Josephine
 13716 | D:3      | Killed Crazy Yiuf
 13754 | D:3      | Killed P0NYSLAYSTATION's ghost
 13912 | D:10     | Gained mutation: You are somewhat unskilled. (-1 Apt) [Ru
                  | sacrifice]
 13912 | D:10     | Reduced skill Polearms to level 11
 13912 | D:10     | Reached *** piety under Ru
 14403 | D:10     | Gained mutation: You are partially covered in razor-sharp
                  | scales. (AC +1, Slay +1) [demonic ancestry]
 14403 | D:10     | Reached XP level 11. HP: 78/84 MP: 11/11
 14509 | D:10     | Reached skill level 12 in Polearms
 15753 | D:11     | Noticed a brown ugly thing
 15769 | D:11     | Killed a brown ugly thing
 15948 | D:11     | Noticed a red ugly thing
 15954 | D:11     | Killed a red ugly thing
 16294 | D:11     | Found a staircase to the Lair.
 16432 | D:11     | Got a transparent lead ring
 16435 | D:11     | Identified the ring of Disaster {*Corrode +Blink rPois MP+9
                  | SInv Stlth+} (You found it on level 11 of the Dungeon)
 16664 | D:10     | Found a runed translucent gate.
 16722 | D:10     | Found a runed translucent gate.
 16723 | D:10     | Found a runed translucent gate.
 16826 | D:10     | Killed Josephine
 17037 | D:12     | Noticed an unseen horror
 17052 | D:12     | Killed an unseen horror
 17052 | D:12     | Reached skill level 13 in Polearms
 17128 | D:12     | Found a runed translucent door.
 17131 | D:12     | Noticed shin's ghost (journeyman DrCj)
 17212 | D:12     | Got a brightly glowing ivory ring
 17385 | D:12     | Noticed a two-headed ogre
 17434 | D:12     | Killed a two-headed ogre
 17673 | D:12     | Gained mutation: You cannot study or use magical devices.
                  | [Ru sacrifice]
 17673 | D:12     | Reached **** piety under Ru
 17673 | D:12     | Reached ***** piety under Ru
 18158 | D:12     | Noticed a cyan ugly thing
 18260 | D:12     | Killed a cyan ugly thing
 18260 | D:12     | Gained mutation: You have hooves in place of feet. [demonic
                  | ancestry]
 18260 | D:12     | Reached XP level 12. HP: 73/95 MP: 10/12
 18280 | D:12     | Identified the ring "Hibacuty" {+Inv rCorr} (You found it
                  | on level 12 of the Dungeon)
 18372 | D:12     | Found Cuetil's Book Boutique.
 18902 | Lair:1   | Entered Level 1 of the Lair of Beasts
 18909 | Lair:1   | Found a gate leading to a gauntlet.
 19036 | Gauntlet | Entered a Gauntlet
 19036 | Gauntlet | Found a transporter.
 19036 | Gauntlet | Found a transporter.
 19054 | Gauntlet | Found a transporter.
 19058 | Gauntlet | Found a transporter.
 19062 | Gauntlet | Found a runed translucent door.
 19064 | Gauntlet | Found a runed translucent door.
 19066 | Gauntlet | Found a transporter.
 19070 | Gauntlet | Found a transporter.
 19075 | Gauntlet | Noticed a hell hog
 19081 | Gauntlet | Found a transporter.
 19091 | Gauntlet | Noticed a great orb of eyes
 19094 | Gauntlet | Found a transporter.
 19108 | Gauntlet | Found a transporter.
 19112 | Gauntlet | Found a transporter.
 19120 | Gauntlet | Found a transporter.
 19124 | Gauntlet | Found a transporter.
 19621 | Gauntlet | Gained mutation: Your spells are a little easier to cast,
                  | but a little less powerful. [a shining eye]
 19683 | Gauntlet | Killed a hell hog
 19758 | Gauntlet | Noticed a minotaur
 19772 | Gauntlet | Killed a minotaur
 19947 | Gauntlet | Identified the Compendium of the Supportive Rocks
 20046 | Lair:1   | Reached skill level 14 in Polearms
 20298 | Lair:1   | Reached skill level 10 in Fighting
 21241 | Lair:2   | Noticed Urug
 21420 | Lair:2   | Killed Urug
 21606 | Lair:2   | Noticed Fannar
 21618 | Lair:2   | Killed Fannar
 21894 | Lair:2   | Gained mutation: You are mostly covered in razor-sharp
                  | scales. (AC +2, Slay +2) [demonic ancestry]
 21894 | Lair:2   | Reached XP level 13. HP: 80/104 MP: 11/13
 22422 | Lair:2   | Found a staircase to the Swamp.
 22914 | Lair:3   | Found a staircase to the Snake Pit.
 22957 | Lair:3   | Reached skill level 15 in Polearms
 24110 | Lair:3   | You fall into a shaft and drop 1 floor!
 26575 | Lair:5   | Found an ornate altar of the Wu Jian Council.
 26665 | Lair:5   | Found a staircase to the Slime Pits.
 26956 | Lair:6   | Entered Level 6 of the Lair of Beasts
 26966 | Lair:6   | Reached skill level 16 in Polearms
 26983 | Lair:6   | Reached XP level 14. HP: 93/114 MP: 14/14
 27757 | Lair:5   | Reached skill level 5 in Dodging
 28005 | Lair:6   | Reached skill level 5 in Armour
 28359 | Lair:5   | HP: 5/115 [black mamba (13)]
 29226 | Lair:6   | Reached skill level 1 in Spellcasting
 29486 | Lair:6   | Gained mutation: You cannot be stealthy. [Ru sacrifice]
 29551 | Lair:6   | Found the +7 Kryia's mail coat {PotionHeal*2 rC+}
 31756 | D:13     | Found a runed translucent door.
 31756 | D:13     | Noticed Fetuon's ghost (journeyman DgEE)
 32084 | D:14     | Reached XP level 15. HP: 113/123 MP: 17/19
 32647 | D:14     | You fall into a shaft and drop 1 floor!
 32647 | D:15     | Entered Level 15 of the Dungeon
 32647 | D:15     | Found a bloodstained altar of Trog.
 33302 | D:14     | Found a gate to the Vaults.
 33477 | Orc:1    | Entered Level 1 of the Orcish Mines
 33528 | Orc:1    | Found a frozen archway.
 33556 | Orc:1    | Found a roughly hewn altar of Beogh.
 33655 | IceCv    | Entered an ice cave
 34275 | Orc:1    | Paralysed by an orc sorcerer for 4 turns
 35016 | Orc:2    | Entered Level 2 of the Orcish Mines
 35022 | Orc:2    | Found a roughly hewn altar of Beogh.
 35069 | Orc:2    | Found a staircase to the Elven Halls.
 35625 | Orc:2    | Found a roughly hewn altar of Beogh.
 35662 | Orc:2    | Found Doumelica's General Store.
 36049 | Orc:2    | Found Ferch's Book Emporium.
 36293 | Orc:2    | Found Lyziot's Distillery.
 36293 | Orc:2    | Found Edghuf's Weapon Boutique.
 36297 | Orc:2    | Bought a potion of heal wounds for 70 gold pieces
 36297 | Orc:2    | Bought a potion of heal wounds for 70 gold pieces
 36297 | Orc:2    | Bought a potion of invisibility for 112 gold pieces
 36758 | Orc:2    | Found Ovvuchav's Assorted Antiques.
 36758 | Orc:2    | Found Oluykim's Magic Scroll Boutique.
 36763 | Orc:2    | Bought a scroll labeled XADGHI AFIELLOZ for 19 gold pieces
 36764 | Orc:2    | Acquired the ring of Xoleh {AC+4 Dex+3 Slay+2}
 36777 | Orc:2    | Bought a scroll of enchant armour for 90 gold pieces
 36777 | Orc:2    | Bought a scroll of enchant armour for 90 gold pieces
 36777 | Orc:2    | Bought a scroll of blinking for 90 gold pieces
 36777 | Orc:2    | Bought a scroll of enchant weapon for 90 gold pieces
 36777 | Orc:2    | Bought a scroll of teleportation for 36 gold pieces
 36803 | Orc:2    | Found Ywetzung's Magic Scroll Shop.
 36810 | Orc:2    | Bought a scroll of blinking for 105 gold pieces
 36810 | Orc:2    | Bought a scroll of blinking for 105 gold pieces
 36810 | Orc:2    | Bought a scroll of fear for 49 gold pieces
 36810 | Orc:2    | Bought a scroll of teleportation for 42 gold pieces
 36827 | Orc:2    | Found Etheepi's Weapon Boutique.
 37436 | D:10     | Killed Sensen's ghost
 37652 | D:12     | Killed shin's ghost
 37719 | D:13     | Killed Fetuon's ghost
 38325 | D:15     | Reached skill level 17 in Polearms
 38422 | D:15     | Noticed Kirke
 38430 | D:15     | Killed Kirke
 38484 | D:15     | Reached XP level 16. HP: 131/134 MP: 18/20
 38549 | D:15     | Found an opulent altar of Gozag.
 39028 | D:15     | Found a staircase to the Depths.
 39713 | Swamp:1  | Entered Level 1 of the Swamp
 39723 | Swamp:1  | Gained mutation: You are clumsy. (Dex -2) [Ru sacrifice]
 39723 | Swamp:1  | Reached ****** piety under Ru
 41057 | Swamp:2  | Noticed a thorn hunter
 41071 | Swamp:2  | Killed a thorn hunter
 42473 | Swamp:3  | Noticed Nikola
 42494 | Swamp:3  | Killed Nikola
 42501 | Swamp:3  | Reached skill level 15 in Fighting
 42516 | Swamp:3  | Reached skill level 18 in Polearms
 43721 | Swamp:4  | Entered Level 4 of the Swamp
 44513 | Swamp:4  | Paralysed by a hornet for 1 turns
 45086 | Swamp:4  | Gained mutation: You resist negative energy. (rN+) [demonic
                  | ancestry]
 45086 | Swamp:4  | Reached XP level 17. HP: 142/142 MP: 21/21
 45381 | Swamp:4  | Got a decaying rune of Zot
 46038 | Snake:1  | Entered Level 1 of the Snake Pit
 46502 | Snake:1  | Found Guozxav's General Store.
 46509 | Snake:1  | Found a runed translucent gate.
 46509 | Snake:1  | Found a runed translucent gate.
 46509 | Snake:1  | Noticed Aizul
 46510 | Snake:1  | Found a runed translucent gate.
 46520 | Snake:1  | Killed Aizul
 46527 | Snake:1  | Bought a scroll of teleportation for 51 gold pieces
 46527 | Snake:1  | Noticed Ysiuj's ghost (adept MiBe)
 46768 | Snake:2  | Noticed Louise
 46780 | Snake:2  | Killed Louise
 47215 | Snake:2  | Found a large runed translucent door.
 47215 | Snake:2  | Found a large runed translucent door.
 47221 | Snake:2  | Noticed Luffe's ghost (adept GrFE)
 47428 | Snake:2  | Reached skill level 19 in Polearms
 48039 | Snake:2  | Identified Roxanne's Handbook of Transmutation
 48039 | Snake:2  | Noticed Roxanne
 48068 | Snake:2  | Killed Roxanne
 48079 | Snake:2  | Noticed Frances
 48100 | Snake:2  | Killed Frances
 48644 | Snake:2  | Killed Luffe's ghost
 48894 | Snake:3  | Identified the amulet "Qotoico" {Spirit rF+ Str+4}
 49079 | Snake:3  | Found the +2 hood of the Assassin {Detection Stab+ Stlth++}
 49192 | Snake:3  | Found a gateway to a bazaar.
 49210 | Bazaar   | Entered a bazaar
 49210 | Bazaar   | Found Qaehyorph's Gadget Shoppe.
 49210 | Bazaar   | Found Dagrowa's Jewellery Emporium.
 49214 | Bazaar   | Found Loitoat's Assorted Antiques.
 49228 | Bazaar   | Found Wumec's Gadget Emporium.
 49263 | Bazaar   | Bought the ring of Puiz {rPois MR+ Int+2} for 552 gold
                  | pieces
 49266 | Bazaar   | Bought the ring of Hizuk {rF+ AC+4} for 750 gold pieces
 49266 | Bazaar   | Bought an uncursed amulet of the acrobat for 450 gold
                  | pieces
 49286 | Bazaar   | Bought a scroll of teleportation for 33 gold pieces
 49286 | Bazaar   | Bought a potion of heal wounds for 55 gold pieces
 49286 | Bazaar   | Bought a potion of curing for 33 gold pieces
 49286 | Bazaar   | Bought a potion of haste for 110 gold pieces
 49286 | Bazaar   | Bought a potion of invisibility for 88 gold pieces
 49425 | Snake:3  | Found a transporter.
 49960 | Snake:3  | Found a radiant altar of Vehumet.
 49990 | Snake:4  | Entered Level 4 of the Snake Pit
 50180 | Snake:4  | Reached XP level 18. HP: 153/153 MP: 22/22
 50269 | Snake:4  | Found Ataolote's Distillery.
 50277 | Snake:4  | Bought a potion of heal wounds for 100 gold pieces
 50277 | Snake:4  | Bought a potion of cancellation for 160 gold pieces
 50277 | Snake:4  | Bought a potion of cancellation for 160 gold pieces
 50282 | Snake:4  | Found a snail-covered altar of Cheibriados.
 50521 | Snake:4  | Found Veustros's Antique Armour Shoppe.
 50523 | Snake:4  | Found Ynemy's General Store.
 50525 | Snake:4  | Found Dulijare's Book Shoppe.
 51226 | Snake:4  | Reached skill level 20 in Polearms
 51588 | Snake:4  | Noticed Vashnia
 51651 | Snake:4  | Killed Vashnia
 52081 | Snake:4  | Got a serpentine rune of Zot
 52891 | Elf:1    | Entered Level 1 of the Elven Halls
 53444 | Elf:1    | Gained mutation: Scrolls take you a little longer to read.
                  | [a neqoxec]
 53544 | Elf:1    | Identified the Catalogue of Attacks
 54468 | Snake:1  | Lost mutation: Your spells are a little easier to cast, but
                  | a little less powerful. [potion of mutation]
 54468 | Snake:1  | Lost mutation: Scrolls take you a little longer to read.
                  | [potion of mutation]
 54468 | Snake:1  | Gained mutation: Your magical capacity is low. (-10% MP)
                  | [potion of mutation]
 54468 | Snake:1  | Gained mutation: Your mind is acute. (Int +2) [potion of
                  | mutation]
 54569 | Snake:4  | Bought a shiny helmet for 232 gold pieces
 54938 | Vaults:1 | Entered Level 1 of the Vaults
 54938 | Vaults:1 | Found Meyfuegisy's Magic Scroll Shop.
 55273 | Vaults:1 | Reached XP level 19. HP: 161/161 MP: 19/21
 55418 | Vaults:1 | Noticed Donald
 55442 | Vaults:1 | Killed Donald
 55446 | Vaults:1 | Reached skill level 21 in Polearms
 55726 | Vaults:1 | HP: 8/161 [two-headed ogre/+0 giant club (13)]
 56124 | Vaults:1 | You fall into a shaft and drop 1 floor!
 56585 | Vaults:2 | Noticed Sojobo
 56639 | Vaults:2 | Killed Sojobo
 57149 | Vaults:2 | Found a flickering gateway to a bazaar.
 57174 | Bazaar   | Entered a bazaar
 57174 | Bazaar   | Found Fexzo's General Store.
 57174 | Bazaar   | Found Ipolel's Distillery.
 57188 | Bazaar   | Found Gybboyn's Weapon Shoppe.
 57198 | Bazaar   | Found Emyts's Armour Boutique.
 57253 | Bazaar   | Bought a potion of heal wounds for 65 gold pieces
 57338 | Vaults:2 | Reached skill level 10 in Armour
 58485 | Vaults:2 | Found a staircase to the Crypt.
 59200 | Vaults:1 | Gained mutation: You are somewhat able to resist unholy
                  | torments (1 in 2 success). [demonic ancestry]
 59200 | Vaults:1 | Reached XP level 20. HP: 170/170 MP: 20/22
 60271 | Vaults:3 | Found the +8 glaive of the Guard {elec, +Rage AC+5 SInv}
 61346 | Vaults:4 | Reached skill level 22 in Polearms
 61758 | Vaults:4 | Gained mutation: A demonic guardian rushes to your aid.
                  | [demonic ancestry]
 61758 | Vaults:4 | Reached XP level 21. HP: 176/176 MP: 22/22
 62696 | Vaults:5 | Entered Level 5 of the Vaults
 63588 | Elf:2    | Reached skill level 15 in Armour
 63781 | Elf:2    | Found a huge runed translucent gate.
 63781 | Elf:2    | Found a huge runed translucent gate.
 63781 | Elf:2    | Found a huge runed translucent gate.
 63781 | Elf:2    | Found a huge runed translucent gate.
 63782 | Elf:2    | Found a huge runed translucent gate.
 64436 | Elf:3    | Entered Level 3 of the Elven Halls
 65405 | Elf:3    | Identified the cursed +3 long sword "Paiwuf" {pain, +Inv
                  | rElec rPois rF-}
 65414 | Elf:3    | Gained mutation: You are completely covered in razor-sharp
                  | scales. (AC +3, Slay +3) [demonic ancestry]
 65414 | Elf:3    | Reached XP level 22. HP: 183/183 MP: 13/23
 66244 | Elf:3    | Identified the amulet of Nuclaol {RegenMP MR+ Str+4}
 66382 | Elf:3    | Identified the +11 dagger of Mobeacul {vorpal, rElec Int+4}
 66382 | Elf:3    | Identified the ring of Asifrud {+Fly Int+6}
 66384 | Elf:3    | Found the +8 mithril axe "Arga" {speed, MR+}
 66417 | Elf:3    | Got a shimmering brass ring
 66419 | Elf:3    | Identified the ring "Ligothonia" {rF+ rC- Int+4 Stlth-}
                  | (You found it on level 3 of the Elven Halls)
 66434 | Elf:3    | Identified the +12 plate armour of Ocwobape {Str+4 Stlth+}
                  | (You found it on level 3 of the Elven Halls)
 66888 | Depths:1 | Entered Level 1 of the Depths
 67248 | Depths:1 | Found a gateway to Hell.
 67940 | Depths:2 | Noticed a golden dragon
 67940 | Depths:2 | Noticed a caustic shrike
 67955 | Depths:2 | Noticed a caustic shrike
 67961 | Depths:2 | Killed a caustic shrike
 67972 | Depths:2 | Killed a golden dragon
 67984 | Depths:2 | Killed a caustic shrike
 67984 | Depths:2 | Reached skill level 23 in Polearms
 68261 | Depths:2 | Paralysed by a sphinx for 5 turns
 68384 | Depths:2 | Cast into level 4 of the Abyss (a lich)
 68474 | Depths:2 | Escaped the Abyss
 69025 | Depths:2 | Identified the Volume of Creative Poisoning
 69043 | Depths:2 | Noticed Saint Roka
 69069 | Depths:2 | Killed Saint Roka
 69069 | Depths:2 | Reached skill level 5 in Spellcasting
 69635 | Depths:3 | Found Nelil's Gadget Emporium.
 69713 | Depths:3 | Gained mutation: A powerful demonic guardian rushes to your
                  | aid. [demonic ancestry]
 69713 | Depths:3 | Reached XP level 23. HP: 189/189 MP: 27/27
 69863 | Depths:3 | Found a one-way gate to the infinite horrors of the Abyss.
 69957 | Depths:3 | Found Iguvabena's General Store.
 69998 | Depths:3 | Paralysed by a floating eye for 3 turns
 70196 | Depths:3 | Noticed a juggernaut
 70211 | Depths:3 | Killed a juggernaut
 70529 | Depths:3 | Found a gateway to a ziggurat.
 70548 | Depths:3 | Noticed Asterion
 70572 | Depths:3 | Killed Asterion
 70606 | Depths:3 | Found Soomamey's Jewellery Shoppe.
 70725 | Depths:3 | Found a one-way gate leading to the halls of Pandemonium.
 70865 | Depths:4 | Noticed a caustic shrike
 70886 | Depths:3 | Killed a caustic shrike
 71340 | Depths:4 | Noticed Xtahua
 71362 | Depths:3 | Killed Xtahua
 71842 | Depths:4 | Reached XP level 24. HP: 196/197 MP: 26/28
 71893 | Depths:4 | Found Oceagai's Distillery.
 72240 | Depths:4 | Identified the Disquisition on the Floating Voyage
 72468 | Depths:5 | Entered Level 5 of the Depths
 72906 | Depths:5 | Found a gate to the Realm of Zot.
 73093 | Depths:5 | Found an opulent altar of Gozag.
 73094 | Depths:5 | Found a burning altar of Makhleb.
 73094 | Depths:5 | Found a glowing golden altar of the Shining One.
 73839 | Depths:5 | Noticed a juggernaut
 73871 | Depths:5 | Killed a juggernaut
 73913 | Depths:5 | Reached skill level 24 in Polearms
 74437 | Depths:5 | Noticed a juggernaut
 74455 | Depths:5 | Killed a juggernaut
 74545 | Depths:5 | Noticed a juggernaut
 74570 | Depths:5 | Killed a juggernaut
 74983 | Depths:5 | Noticed a juggernaut
 75023 | Depths:5 | Killed a juggernaut
 75023 | Depths:5 | Gained mutation: When low on magic, you restore magic in
                  | place of health. [demonic ancestry]
 75023 | Depths:5 | Reached XP level 25. HP: 205/205 MP: 27/28
 75877 | Snake:1  | Bought a potion of mutation for 136 gold pieces
 75891 | Snake:1  | Killed Ysiuj's ghost
 76205 | Vaults:1 | Bought a scroll of enchant armour for 135 gold pieces
 76205 | Vaults:1 | Bought a scroll of blinking for 135 gold pieces
 76646 | Snake:3  | Identified the Collected Works on Bewitching Black Magic
 76674 | Snake:3  | Found a transporter.
 78072 | Vaults:5 | Identified the +6 dagger of Aghuig {freeze, rElec Int+4}
 78569 | Vaults:5 | Found the +10 zealot's sword {holy, *Rage rN+ EV+3}
 78660 | Vaults:5 | Got a silver rune of Zot
 78693 | Vaults:5 | Noticed an ancient lich
 78712 | Vaults:5 | Killed an ancient lich
 79085 | Vaults:5 | Identified the Collected Works on Arcane Weapons and
                  | Sinister Secrets
 79117 | Vaults:5 | Identified Nyecw's Compendium of Earthen Black Rituals
 79433 | Crypt:1  | Entered Level 1 of the Crypt
 79624 | Crypt:1  | Found a magical portal.
 79688 | WizLab   | Entered Wucad Mu's Monastery
 79927 | WizLab   | Found the +9 staff of Wucad Mu {channel}
 80014 | WizLab   | Gained mutation: Your melee attacks may debilitate your
                  | foes. [demonic ancestry]
 80014 | WizLab   | Reached XP level 26. HP: 215/215 MP: 31/31
 80175 | Crypt:1  | Reached XP level 27. HP: 192/222 MP: 31/31
 80674 | Crypt:1  | Found a runed door.
 80973 | Crypt:1  | Noticed an ancient lich
 80973 | Crypt:1  | Noticed an ancient lich
 80980 | Crypt:1  | Killed an ancient lich
 80987 | Crypt:1  | Killed an ancient lich
 80990 | Crypt:1  | You fall into a shaft and drop 1 floor!
 82012 | Crypt:1  | Acquired the ring "Nagocop" {+Blink rF+ rN++}
 82033 | Crypt:1  | Got a coiled copper amulet
 82040 | Crypt:1  | Got a serpentine brass ring
 82041 | Crypt:1  | Identified the amulet "Joybowab" {Inacc rPois MR+} (You
                  | found it on level 1 of the Crypt)
 82043 | Crypt:1  | Identified the ring "Judwulea" {*Tele rC+ Dex+4 Slay-6
                  | SInv} (You found it on level 1 of the Crypt)
 82116 | Crypt:3  | Entered Level 3 of the Crypt
 82381 | Crypt:3  | Noticed Boris
 82421 | Crypt:3  | Killed Boris
 82707 | Crypt:3  | Noticed Mennas
 82717 | Crypt:3  | Killed Mennas
 82773 | Crypt:3  | Noticed Margery
 82781 | Crypt:3  | Killed Margery
 82807 | Crypt:3  | Reached skill level 25 in Polearms
 82893 | Crypt:3  | Found the +7 sceptre of Torment {pain, torment}
 83257 | Crypt:3  | Found a staircase to the Tomb.
 83407 | Crypt:3  | Noticed an ancient lich
 83708 | Crypt:3  | Cast into level 5 of the Abyss (an ancient lich)
 83708 | Abyss:5  | Entered Level 5 of the Abyss
 83708 | Abyss:5  | Found an ornate altar of the Wu Jian Council.
 83725 | Abyss:5  | Gained mutation: You are very clumsy. (Dex -4) [a neqoxec]
 83726 | Abyss:5  | Gained mutation: Your body sometimes deteriorates upon
                  | taking damage. [a neqoxec]
 83731 | Abyss:5  | Acquired 946 gold pieces
 83929 | Crypt:3  | Escaped the Abyss
 83936 | Crypt:3  | Killed an ancient lich
 84552 | Zot:1    | Entered Level 1 of the Realm of Zot
 90842 | Zot:4    | Found a runed translucent door.
 90844 | Zot:4    | Found a shimmering altar of Xom.
 90844 | Zot:4    | Noticed Iryommi's ghost (legendary KoDe)
 90897 | Zot:4    | Killed Iryommi's ghost
 91205 | Zot:5    | Entered Level 5 of the Realm of Zot
 91623 | Zot:5    | Found a runed translucent gate.
 91624 | Zot:5    | Found a runed translucent gate.
 91625 | Zot:5    | Found a runed translucent gate.
 91625 | Zot:5    | Noticed UristMcRaven's ghost (legendary DECj)
 91864 | Zot:5    | Paralysed by a Zot trap for 3 turns
 91880 | Zot:5    | Got a masterwork hat
 91882 | Zot:5    | Paralysed by a Zot trap for 3 turns
 91885 | Zot:5    | Noticed an orb of fire
 91886 | Zot:5    | Quit the game

Illustrated notes

Levels and vault maps discovered:
D:1:      kilobyte_arrival_exit_the_forest, layout_basic, grunt_decor_arrowhead,
          okawaru_ov_weapons_minmay
D:2:      layout_rooms, nicolae_overflow_hidden_temple
D:3:      kb_forest_paths, layout_basic, grunt_temple_overflow_open,
          hellmonk_ghost_happy_afterlife, uniq_terence, uniq_crazy_yiuf_cottage
D:4:      layout_basic
D:5:      layout_loops_cross, minmay_misc_feat_more_columns, uniq_ijyb
D:6:      layout_basic, old_standard_altar, temple_green,
          grunt_qazlal_sundering, uniq_eustachio
D:7:      layout_loops_ring, basic_altar, nicolae_ru_great_annihilating_truth,
          uniq_joseph, uniq_prince_ribbit1
D:8:      layout_basic, nicolae_tso_swordbearing_angel, lemuel_doored_altar,
          serial_shops, kennysheep_mini_moat
D:9:      layout_roguey, orc_0_dummy, chequers_serial_rivers_large_b
D:10:     layout_grid_maze, gammafunk_ghost_split, uniq_josephine
D:11:     layout_long_grid, erik_lair_dragon
D:12:     layout_basic, serial_shops, shop, ebering_ghost_inner_flame
D:13:     layout_irregular_city, gammafunk_ghost_grave
D:14:     layout_roguey, david_vaults_4, minmay_tree_intersection,
          dk_noncrumbling_3
D:15:     grunt_enter_depths_magical_seal, layout_irregular_city, basic_altar,
          nicolae_gozag_cash_rules_everything_around_me, uniq_kirke
Lair:1:   layout_hall_layers, gauntlet_entry_generic, serial_bayou_pond_e,
          patterned_corridor
Lair:2:   layout_big_grid, minmay_swamp_entry_swarm,
          infiniplex_staircase_pool_2, grunt_megastairs_2,
          minmay_lair_oklob_chamber, uniq_fannar, uniq_urug
Lair:3:   layout_chaotic_city, minmay_snake_entry_spellcaster,
          lemuel_fruit_fields, lemuel_fruit_fields, grunt_megastairs_4
Lair:4:   layout_concentric_octagons
Lair:5:   layout_gridlike, slime_dummy, lemuel_oklob_altar
Lair:6:   gammafunk_lair_ancient_temple, layout_regular_city,
          serial_bayou_shore_a
Swamp:1:  layout_basic_swamp, evilmike_swamp_ruin_house_5
Swamp:2:  layout_basic_swamp, evilmike_swamp_ruin_house_1
Swamp:3:  layout_basic_swamp, evilmike_swamp_ruin_house_3, hangedman_swamp_cone,
          uniq_nikola
Swamp:4:  swamp_icy, layout_basic_swamp, swamp_pool5
Snake:1:  layout_rooms, gammafunk_ghost_split, serial_shops, shop, st_stairs_5,
          uniq_aizul
Snake:2:  layout_chambers, ebering_ghost_disaster_area, uniq_roxanne,
          uniq_louise, uniq_frances
Snake:3:  gammafunk_sealed_library, layout_misc_corridors, serial_shops,
          bzr_in_the_mist
Snake:4:  johnstein_snake_rune_scales, layout_layer_cave, serial_shops, shop,
          basic_altar, minmay_shop_star
Orc:1:    layout_caves, portal_ice_cave_entry_pillars_1, basic_altar
Orc:2:    st_orc_town, layout_caves, serial_shops, shop, shop,
          nicolae_shop_statue_plus, shop_coins, basic_altar,
          nicolae_orc_lava_room
Elf:1:    minmay_elf_arrival_circle, layout_loops_ring, minmay_elf_annihilation,
          grunt_ministairs_11, nicolae_elf_big_sculpture_2
Elf:2:    layout_geoelf_octagon
Elf:3:    elf_hall, layout_gridlike, special_room [special_room_orc]
Vaults:1: v_misc_26, ontoclasm_vaults_tryst, hangedman_vaults_stream,
          vaults_room_door_hall, grunt_vaults_swirl, st_spiral_rooms,
          nicolae_vaults_specimen_jars, v_misc_25, grunt_vaults_hallway_short,
          ontoclasm_vaults_idyll, hangedman_vaults_maws,
          dpeg_vaults_monster_box, nicolae_vaults_circle_grid_a,
          layout_vaults_maze, serial_shops, shop, uniq_donald
Vaults:2: v_pattern_4, grunt_vaults_hallway_long, blue_anna_dwarven_crypt,
          ontoclasm_vaults_shuriken, layout_vaults_omnigrid, serial_shops,
          bzr_entry_safe, uniq_sojobo
Vaults:3: vaults_room_semicircle, vaults_room_stairs_pillars,
          minmay_guarded_unrand_guard_vaults, dpeg_vaults_monster_row,
          grunt_vaults_bifocal, hangedman_vaults_capsules,
          nicolae_vaults_little_squares_4, nicolae_vaults_rhombus_7,
          nicolae_vaults_rhombus_5, vaults_dpeg_hooks, layout_vaults_omnicross
Vaults:4: nicolae_vaults_ring_of_whatevers, v_misc_8, v_misc_22, v_misc_29,
          v_misc_27, nicolae_vaults_alarming, ontoclasm_vaults_ring_large,
          ontoclasm_vaults_ligature, nicolae_vaults_windows_and_doors_thing,
          hangedman_vaults_river_flow, grunt_vaults_focal, vaults_dpeg_cross,
          st_more_cells, layout_vaults_ring
Vaults:5
Crypt:1:  evilmike_wizard_prison, layout_rooms, mu_enter_wizlab_5
Crypt:2:  layout_misc_corridors
Crypt:3:  david_glass_crypt, layout_chaotic_city,
          nicolae_tomb_entry_grand_gallery, uniq_boris, uniq_mennas,
          uniq_margery
Depths:1: layout_twisted_cross, hell_entry, minmay_splitting_lines,
          kennysheep_big_empty_room, kennysheep_generic_room_9
Depths:2: minmay_dotted_concentric_squares, layout_basic,
          grunt_hell_entry_dis_old, kennysheep_pointless_box, uniq_saint_roka
Depths:3: minmay_the_grid_3x2 [minmay_the_grid_rooms, minmay_the_grid_armoury,
          minmay_the_grid_eight, minmay_the_grid_aliased_spiral,
          minmay_the_grid_garden, minmay_the_grid_prize_four_corners],
          layout_cave_shapes, enter_ziggurat_e, abyss_entry,
          grunt_pan_entry_in_and_out, hell_entry, nicolae_lava_and_water,
          serial_shops, nicolae_shop_statue_plus, nicolae_shop_statue_plus,
          nicolae_shop_temple_entry_statues_fountains, uniq_asterion
Depths:4: minmay_expanding_squares, layout_cave_pools, serial_shops,
          kennysheep_little_box, pf_hell_entry_tar_river, abyss_entry,
          minmay_crystal_water, serial_bayou_crossing,
          infiniplex_staircase_diamond, uniq_xtahua
Depths:5: hangedman_slaughterboxes, hell_entry, pan_entry
Zot:1:    layout_basic
Zot:2:    layout_misc_corridors, zot_minivault_2
Zot:3:    layout_gridlike, st_single_dragon_hoard_1, st_stairs_5
Zot:4:    kennysheep_ambush_hall, layout_onion, ebering_ghost_xom
Zot:5:    layout_basic, gammafunk_ghost_tricky_traps

Skill      XL: |  1  2  3  4  5  6  7  8  9 10 11 12 13 14 15 16 17 18 19 20 21 22 23 24 25 26 27 |
---------------+----------------------------------------------------------------------------------+-----
Polearms       | 3 4 5 6 8 10 11 11 13 14 16 17 18 19 20 21 22 23 24 25 | 25.9
Armour         | 3 5 4 7 8 11 13 16 17 19 20 21 24 | 24.6
Fighting       | 6 7 9 10 11 13 14 15 16 17 18 19 21 | 21.6
Dodging        | 4 5 9 |  9.1
Spellcasting   | 3 5 6 8 |  8.0
Throwing       | |  1.5

Action                   |  1- 3 |  4- 6 |  7- 9 | 10-12 | 13-15 | 16-18 | 19-21 | 22-24 | 25-27 || total
-------------------------+-------+-------+-------+-------+-------+-------+-------+-------+-------++-------
Melee: Trident           |   103 |   169 |   215 |   249 |       |     4 |       |       |       ||   740
       Kick              |    10 |    48 |   111 |   181 |   483 |   455 |   708 |   857 |   974 ||  3827
       Halberd           |       |       |   225 |   567 |       |       |       |       |       ||   792
       Spear             |       |       |       |     9 |       |       |       |       |       ||     9
       Demon trident     |       |       |       |    45 |  1313 |  1822 |  2018 |  1985 |  1130 ||  8313
       Bardiche          |       |       |       |       |    73 |    44 |   108 |    75 |  1278 ||  1578
 Fire: Hunting sling     |       |     6 |       |       |       |       |       |       |       ||     6
Throw: Stone             |       |       |       |     2 |     1 |       |       |       |       ||     3
       Dart              |       |       |       |     7 |       |       |       |       |       ||     7
Invok: Sacrifice Arcana  |       |       |     1 |       |       |       |       |       |       ||     1
       Sacrifice Purity  |       |       |     1 |       |       |     1 |       |       |       ||     2
       Sacrifice Skill   |       |       |       |     1 |       |       |       |       |       ||     1
       Sacrifice Artific |       |       |       |     1 |       |       |       |       |       ||     1
       Power Leap        |       |       |       |     5 |    11 |     5 |     2 |       |     1 ||    24
       Apocalypse        |       |       |       |     1 |     2 |     3 |     4 |     3 |     6 ||    19
       Reject Sacrifices |       |       |       |     1 |     1 |       |       |       |       ||     2
       Sacrifice Stealth |       |       |       |       |     1 |       |       |       |       ||     1
       Draw Out Power    |       |       |       |       |     1 |       |       |       |       ||     1
Evoke: Wand              |       |       |     5 |     2 |       |       |       |       |       ||     7
  Use: Scroll            |       |       |     8 |    15 |    24 |     5 |     5 |     4 |    14 ||    75
       Potion            |       |       |       |     2 |     4 |     3 |     6 |       |     5 ||    20
 Stab: Paralysed         |       |       |     1 |     5 |    11 |    17 |    13 |    12 |    12 ||    71
       Distracted        |       |       |     3 |    13 |    14 |    23 |    19 |    26 |    24 ||   122
       Invisible         |       |       |       |     7 |    15 |    22 |    22 |    18 |    27 ||   111
       Petrified         |       |       |       |     5 |       |       |       |       |       ||     5
       Confused          |       |       |       |       |       |       |       |       |     1 ||     1
Armor: Leather armour    |     6 |       |       |       |       |       |       |       |       ||     6
       Ring mail         |    34 |    35 |       |    31 |   140 |       |       |       |       ||   240
       Scale mail        |       |    15 |    84 |       |   221 |   526 |    65 |       |       ||   911
       Chain mail        |       |       |    34 |   262 |    23 |       |       |       |       ||   319
       Crystal plate arm |       |       |       |       |       |       |   991 |  1184 |  1718 ||  3893
Dodge: Dodged            |    47 |    77 |   130 |   244 |   471 |   524 |   395 |   483 |   715 ||  3086

Table legend: (Time is in decaauts)
 A = Elapsed time spent in this place.
 B = Non-inter-level travel time spent in this place.
 C = Inter-level travel time spent in this place.
 D = Time resting spent in this place.
 E = Time spent auto-exploring this place.
 F = Levels seen in this place.
 G = Mean time per level.
                   A        B        C        D        E       F      G
               +--------+--------+--------+--------+--------+-----+--------+
         Total |  88646 |  80229 |   8417 |  26803 |  33990 |  59 | 1502.5 |
       Dungeon |  26369 |  21898 |   4471 |   7951 |   9006 |  15 | 1757.9 |
          Lair |  11070 |  10322 |    748 |   4561 |   3996 |   6 | 1845.0 |
         Swamp |   6321 |   6077 |    244 |   2265 |   2691 |   4 | 1580.2 |
     Snake Pit |   6706 |   6088 |    618 |   1005 |   3642 |   4 | 1676.5 |
  Orcish Mines |   3054 |   2688 |    366 |    985 |   1005 |   2 | 1527.0 |
   Elven Halls |   4268 |   3958 |    310 |    959 |   2011 |   3 | 1422.7 |
        Vaults |   9609 |   8669 |    940 |   1597 |   4514 |   5 | 1921.8 |
         Crypt |   3877 |   3718 |    159 |   1009 |   1520 |   3 | 1292.3 |
        Depths |   8205 |   7745 |    460 |   2786 |   2872 |   5 | 1641.0 |
           Zot |   6851 |   6752 |     99 |   3081 |   2376 |   5 | 1370.2 |
         Abyss |    280 |    280 |      0 |     27 |    116 |   2 |  140.0 |
        Bazaar |    231 |    231 |      0 |      0 |     30 |   2 |  115.5 |
      Ice Cave |    465 |    465 |      0 |    155 |     48 |   1 |  465.0 |
        Wizlab |    390 |    390 |      0 |     41 |     27 |   1 |  390.0 |
      Gauntlet |    944 |    944 |      0 |    377 |    135 |   1 |  944.0 |
               +--------+--------+--------+--------+--------+-----+--------+

Top non-repeatable levels by time:
    D:11: 3160 daAuts
Depths:5: 3155 daAuts
     D:9: 2827 daAuts
  Lair:5: 2665 daAuts
 Snake:4: 2496 daAuts
Vaults:4: 2394 daAuts
Vaults:2: 2190 daAuts
   Orc:2: 2179 daAuts
  Lair:2: 2123 daAuts
    D:14: 2106 daAuts
 Snake:2: 2096 daAuts
Vaults:1: 2082 daAuts
    D:12: 2064 daAuts
     D:7: 1995 daAuts
 Swamp:4: 1946 daAuts
